 Dungeon Crawl Stone Soup version 0.32-a0-473-gd044c6f0f0 (webtiles) character file.

Game seed: 15340686184087022630

643 Sobieck the Firebug (level 7, -6/57 HPs)
             Began as a Mountain Dwarf Fire Elementalist on Feb 25, 2024.
             Was a Follower of Vehumet.
             Mangled by Edmund
             ... wielding a +2 flail of protection
              (13 damage)
             ... on level 4 of the Dungeon.
             The game lasted 00:10:05 (5123 turns).

Sobieck the Firebug (MDFE)                          Turns: 5123, Time: 00:10:05

Health: -6/57      AC:  6    Str: 11    XL:     7   Next: 26%
Magic:  1/12       EV: 11    Int: 19    God:    Vehumet [*.....]
Gold:   192        SH:  0    Dex: 10    Spells: 10/13 levels left

rFire   . . .        n - +1 quarterstaff
rCold   . . .        (shield currently unavailable)
rNeg    + + +        h - +3 leather armour "Enawnegg" {^Drain rN+++ rCorr Int+2}
rPois   .            (no helmet)
rElec   .            (no cloak)
rCorr   +            (no gloves)
SInv    .            (no boots)
Will    .....        (no amulet)
Stlth   +            (no ring)
HPRegen 0.29/turn    (no ring)
MPRegen 0.13/turn

%: no passive effects
@: mighty
A: runic magic, artefact enchanting
a: Renounce Religion


You were on level 4 of the Dungeon.
You worshipped Vehumet.
Vehumet was aware of your devotion.
You visited 1 branch of the dungeon, and saw 5 of its levels.

You collected 192 gold pieces.

Inventory:

Hand Weapons
 c - a +0 dagger
 n - a +1 quarterstaff (weapon)
Missiles
 j - 36 stones
 t - 12 boomerangs
 v - 6 javelins
 x - 6 silver javelins
Armour
 a - a +0 robe
 d - a +0 ring mail
 h - the +3 leather armour "Enawnegg" (worn) {^Drain rN+++ rCorr Int+2}
   (You found it on level 4 of the Dungeon)

   Int+2:     It affects your intelligence (+2).
   rN+++:     It renders you almost immune to negative energy.
   rCorr:     It protects you from acid and corrosion.
   ^Drain:    It drains your maximum health when unequipped.
 k - a +0 scale mail
 s - the +2 robe of the Bulwark {+Blink rCorr Str-2 Int+5}
   (You found it on level 3 of the Dungeon)

   Str-2:     It affects your strength (-2).
   Int+5:     It affects your intelligence (+5).
   +Blink:    It lets you blink.
   rCorr:     It protects you from acid and corrosion.
Jewellery
 m - a ring of willpower
Scrolls
 l - a scroll of poison {unknown}
 q - a scroll of noise
Potions
 e - 4 potions of mutation
 f - a potion of brilliance {unknown}
 g - a potion of heal wounds {unknown}
 i - a potion of curing {unknown}
 o - 2 potions of enlightenment
 r - a potion of might


   Skills:
 + Level 3.3 Fighting
 + Level 1.6 Armour
 - Level 1.3 Dodging
 - Level 1.4 Stealth
 * Level 3.7 Spellcasting
 * Level 3.5 Conjurations
 * Level 6.0 Fire Magic


You had 10 spell levels left.
You knew the following spells:

 Your Spells              Type           Power      Damage    Failure   Level
a - Foxfire               Conj/Fire      84%        2x1d8     2%          1
b - Scorch                Fire           52%        2d7       1%          2

Your spell library contained the following spells:

 Spells                   Type           Power      Damage    Failure   Level
 Sandblast                Erth           6%         2d5       16%         1
 Inner Flame              Hex/Fire       15%        N/A       13%         3
 Volatile Blastmotes      Fire/Tloc      30%        2d12      13%         3
 Apportation              Tloc           6%         N/A       16%         1
 Flame Wave               Conj/Fire      21%        2d8       22%         4
 Summon Mana Viper        Hex/Summ       3%         N/A       99%         5
 Dispersal                Tloc           1%         N/A       100%        6
 Malign Gateway           Summ/Tloc      1%         N/A       100%        7
 Disjunction              Tloc           1%         N/A       100%        8
 Summon Horrible Things   Summ           1%         N/A       100%        8


Dungeon Overview and Level Annotations

Branches:
Dungeon (5/15)
 Temple: D:4-7

Altars:
Elyvilon
Fedhas
Gozag
Vehumet
Yredelemnul

Shops:
D:4 *

Annotations:
D:4 Edmund


Innate Abilities, Weirdness & Mutations

Your spellcasting is much less encumbered by armour.
You can use scrolls of enchantment on lesser artefacts.


Message History

Unknown command.
Edmund hits you with a +2 flail of protection.
* * * LOW HITPOINT WARNING * * *
You climb upwards.
There is a stone staircase leading down, spattered with blood here.
Unknown command.
Unknown command.
You hit Edmund but do no damage.
Edmund is heavily wounded.
Edmund closely misses you.
Edmund says, "People will remember me!
They'll remember me and die!"
Edmund hits you with a +2 flail of protection.
* * * LOW HITPOINT WARNING * * *
You closely miss Edmund.
Edmund is heavily wounded.
Edmund closely misses you.
You are too injured to fight recklessly!
Unknown command.
Casting: Scorch (safe; 1% risk of failure)
Confirm with . or Enter, or press ? or * to list all spells.
You conjure some foxfire!
Edmund closely misses you.
Unknown command.
You hit Edmund but do no damage.
Edmund is heavily wounded.
The foxfire hits Edmund but does no damage.
Edmund is heavily wounded.
The foxfire hits Edmund!
Edmund is burned terribly!
Edmund is severely wounded.
Edmund hits you with a +2 flail of protection!
* * * LOW HITPOINT WARNING * * *
Unknown command.
You barely miss Edmund.
Edmund is severely wounded.
Edmund closely misses you.
Edmund hits you with a +2 flail of protection!
* * * LOW HITPOINT WARNING * * *
Unknown command.
You feel very mighty all of a sudden. Edmund closely misses you.
Unknown command.
You closely miss Edmund.
Edmund is severely wounded.
Edmund hits you with a +2 flail of protection.
* * * LOW HITPOINT WARNING * * *
You sock Edmund!
Edmund is almost dead.
Edmund is no longer more vulnerable to fire.
Edmund hits you with a +2 flail of protection!
You die...
Edmund says, "I'd like to see a scythe do that!"

#.......# #.#........##.#
......#.# #.#.######.##.#
....#...###.#......#.##.#
........'.#.######.#.##.#
⌠.⌠.#...#.#.# #.#.##.#
........#.#.######.#.##.#
....#...#.#......#.#.##.#
._......#.######.#.#.##.#
....#..........@@#.#.##.#
........########.#.#<##.#
⌠.⌠.#.### #.#.####.#
......##########.#......#
....#............########
......#######...##
..##### ####..### ...#
#....## #..### ##.####


You could see Edmund.

Vanquished Creatures
  A water moccasin (D:4)
  2 ogres
  2 hounds
  2 jellies
  2 orc priests
  9 adders
  5 dart slugs
  9 orcs
  6 bats
  11 endoplasms
  2 giant cockroaches
  10 goblins
  8 hobgoblins
  2 quokkas
  11 ball pythons
  7 frilled lizards
  11 kobolds
  2 rats
102 creatures vanquished.

Vanquished Creatures (collateral kills)
  2 foxfires (D:2)
2 creatures vanquished.

Vanquished Creatures (others)
  307 foxfires
307 creatures vanquished.

Grand Total: 411 creatures vanquished

Notes
Turn   | Place    | Note
-------+----------+-------------------------------------------
     0 | D:1      | Sobieck the Mountain Dwarf Fire Elementalist began the
                  | quest for the Orb.
     0 | D:1      | Reached XP level 1. HP: 14/14 MP: 3/3
   150 | D:1      | Reached skill level 1 in Conjurations
   255 | D:1      | Reached XP level 2. HP: 17/22 MP: 0/5
   310 | D:1      | Reached skill level 1 in Fighting
   320 | D:1      | Reached skill level 4 in Fire Magic
   440 | D:1      | Learned a level 2 spell: Scorch
   462 | D:1      | Reached XP level 3. HP: 28/28 MP: 1/6
  1172 | D:2      | Found an opulent altar of Gozag.
  1419 | D:2      | Reached XP level 4. HP: 36/36 MP: 0/7
  1744 | D:2      | Got the Dissertation on Hexing and Coordinates
  2575 | D:3      | Found a blossoming altar of Fedhas.
  2576 | D:3      | Found a radiant altar of Vehumet.
  2577 | D:3      | Found a basalt altar of Yredelemnul.
  2584 | D:3      | Became a worshipper of Vehumet
  2734 | D:3      | Reached XP level 5. HP: 40/41 MP: 2/8
  3194 | D:3      | Identified the +1 robe of the Bulwark {+Blink rCorr Str-2
                  | Int+5}
  3835 | D:4      | Noticed an ogre
  3840 | D:4      | Killed an ogre
  3841 | D:4      | Reached skill level 3 in Spellcasting
  3841 | D:4      | Reached skill level 5 in Fire Magic
  3841 | D:4      | Reached XP level 6. HP: 50/50 MP: 3/10
  4343 | D:4      | Reached * piety under Vehumet
  4343 | D:4      | Offered knowledge of Sandblast by Vehumet.
  4375 | D:4      | Identified the +3 leather armour "Enawnegg" {^Drain rN+++
                  | rCorr Int+2}
  4519 | D:4      | Found Ajaide's Fire Supplies.
  4538 | D:4      | Found a white marble altar of Elyvilon.
  4694 | D:4      | Reached skill level 3 in Fighting
  4694 | D:4      | Reached skill level 3 in Conjurations
  4860 | D:5      | Entered Level 5 of the Dungeon
  4906 | D:5      | Reached skill level 1 in Armour
  4965 | D:5      | Noticed a water moccasin
  4978 | D:4      | Reached XP level 7. HP: 23/57 MP: 12/12
  4979 | D:4      | Reached skill level 6 in Fire Magic
  5100 | D:5      | Noticed Edmund
  5123 | D:4      | Mangled by Edmund

Illustrated notes

Levels and vault maps discovered:
D:1:      co_arrival_random_square_maze, layout_rooms, minivault_19
D:2:      layout_basic, basic_altar, chequers_big_river,
          kennysheep_generic_room_5
D:3:      layout_loops_ring, chequers_temple_overflow_statue_of_worship,
          minmay_crystal_room, kennysheep_generic_room_14
D:4:      layout_basic, elyvilon_altar_5, nicolae_shop_fire_sale
          [nicolae_sub_dead_trees]
D:5:      layout_cave_pools, lemuel_zombie_altar_kikubaaqudgha,
          minmay_temple_entry_trees, portal_sewer_entry_f,
          kennysheep_pointless_box, uniq_edmund

Skill      XL: |  1  2  3  4  5  6  7 |
---------------+----------------------+-----
Conjurations   | 1 2 3 |  3.5
Spellcasting   | 2 3 |  3.7
Fighting       | 1 2 3 |  3.3
Fire Magic     | 4 5 6 |  6.0
Armour         | 1 |  1.6
Dodging        | |  1.3
Stealth        | |  1.4

Action                     |  1- 3 |  4- 6 |  7- 9 || total
---------------------------+-------+-------+-------++-------
  Melee: Dagger            |    70 |    35 |       ||   105
         Unarmed           |     1 |       |       ||     1
         Quarterstaff      |       |    12 |    11 ||    23
   Cast: Foxfire           |    58 |   129 |     2 ||   189
         Scorch            |       |    10 |     7 ||    17
    Use: Scroll            |       |     8 |       ||     8
         Potion            |       |     1 |     1 ||     2
 Armour: Ring mail         |    48 |    37 |       ||    85
         Robe              |     2 |     9 |       ||    11
         Leather armour    |       |    15 |    16 ||    31
  Dodge: Dodged            |    33 |    36 |     7 ||    76

Table legend: (Time is in decaauts)
 A = Elapsed time spent in this place.
 B = Non-inter-level travel time spent in this place.
 C = Inter-level travel time spent in this place.
 D = Time resting spent in this place.
 E = Time spent auto-exploring this place.
 F = Levels seen in this place.
 G = Mean time per level.
                   A        B        C        D        E       F      G
               +--------+--------+--------+--------+--------+-----+--------+
         Total |   5135 |   4936 |    199 |    242 |   3912 |   5 | 1027.0 |
       Dungeon |   5135 |   4936 |    199 |    242 |   3912 |   5 | 1027.0 |
               +--------+--------+--------+--------+--------+-----+--------+

Top non-repeatable levels by time:
     D:4: 1521 daAuts
     D:2: 1297 daAuts
     D:1: 1137 daAuts
     D:3: 1095 daAuts
     D:5: 84 daAuts
